 Dungeon Crawl Stone Soup version 0.31-a0-166-g46f44d267d (webtiles) character file.

Game seed: 5407828290879118903

39 qw the Shooter (level 3, -5/22 HPs)
             Began as a Gargoyle Hunter on June 13, 2023.
             Slain by a gnoll
             ... wielding a +5 spear of venom
              (8 damage)
             ... on level 2 of the Dungeon.
             The game lasted 00:00:20 (1215 turns).

qw the Shooter (Gargoyle Hunter)                    Turns: 1215, Time: 00:00:20

Health: -5/22      AC:  4    Str: 12    XL:     3   Next: 45%
Magic:  3/3        EV: 11    Int:  9    God:
Gold:   84         SH:  0    Dex: 15    Spells: 2/2 levels left

rFire   . . .        g - +0 shortbow (heavy)
rCold   . . .        (shield currently unavailable)
rNeg    + . .        c - +0 leather armour
rPois   inf          (helmet restricted)
rElec   +            (no cloak)
rCorr   .            (no gloves)
SInv    .            (no boots)
Will    .....        (no amulet)
Stlth   ++           (no ring)
HPRegen 0.23/turn    (no ring)
MPRegen 0.08/turn

%: no passive effects
@: no status effects
A: sickness immunity, AC +3, negative energy resistance 1, electricity
resistance, torment resistance 1, petrification resistance, horns 1, deformed
body, weak 1
a: no special abilities


You were on level 2 of the Dungeon.
You visited 1 branch of the dungeon, and saw 2 of its levels.

You collected 84 gold pieces.


Innate Abilities, Weirdness & Mutations

You are immune to sickness and miasma.
Your stone body is resilient. (AC +3)
You are immune to poison.
You resist negative energy. (rN+)
You are resistant to electric shocks. (rElec)
You are resistant to unholy torment.
You are immune to petrification.
You have a pair of small horns on your head.
Armour fits poorly on your strangely shaped body.
You are weak. (Str -2)


   Skills:
 + Level 2.6 Fighting
 - Level 5.0 Ranged Weapons
 - Level 1.5 Dodging
 - Level 1.1 Stealth


You had 2 spell levels left.
You didn't know any spells.
Your spell library was empty.

Inventory:

Hand Weapons
 g - a +0 heavy shortbow (weapon)
Armour
 c - a +0 leather armour (worn)
Scrolls
 f - a scroll of brand weapon
 Y - 2 scrolls of identify
Potions
 a - a potion of heal wounds {unknown}
 b - a potion of magic {unknown}
 d - a potion of resistance {unknown}
 e - a potion of mutation

Dungeon Overview and Level Annotations

Branches:
Dungeon (2/15)

Altars:


Message History

You shoot an arrow. The arrow hits the bat.
The bat is heavily wounded.
You shoot an arrow.
The arrow hits the bat but does no damage.
The bat is heavily wounded.
The bat hits you but does no damage. x2
You shoot an arrow. The arrow barely misses the bat.
The bat barely misses you. x2
You shoot an arrow. The arrow closely misses the bat.
The bat barely misses you. The bat hits you but does no damage.
You shoot an arrow. The arrow closely misses the bat.
The bat closely misses you. The bat misses you.
You shoot an arrow. The arrow hits the bat!!
You kill the bat!
A gnoll comes into view. It is wielding a +3 spear of flaming.
The gnoll shouts!
You hear a shout! x2
Enter note:
Enter note:
Enter note:
Enter note: You shoot an arrow.
The arrow hits the gnoll!
The gnoll is almost dead.
A gnoll comes into view. It is wielding a +0 flail.
A gnoll comes into view. It is wielding a +5 spear of venom.
A gnoll comes into view. It is wielding a +0 club.
You shoot an arrow. The arrow barely misses the gnoll.
The arrow closely misses the gnoll.
The arrow barely misses the gnoll.
You shoot an arrow. The arrow hits the gnoll!
You kill the gnoll!
You shoot an arrow. The arrow hits the gnoll.
The gnoll is lightly wounded.
You shoot an arrow. The arrow hits the gnoll.
The gnoll is heavily wounded.
The gnoll hits you with a +0 flail! The gnoll barely misses you.
The gnoll hits you from afar with a +5 spear of venom!
Ouch! That really hurt!
You shoot an arrow. The arrow hits the gnoll!
You kill the gnoll!
The gnoll hits you from afar with a +5 spear of venom!
You die...

#.#.#.#......#
#....##.#.#.#.###.##
#....##.#.#.#.# ...#
#....##.#.#.#.#.....
#####.....#.#..
#.#...#. ..........#.#
#.#...##
..........#.#####.#...#
..........#.......#...#
....)gg@..#########...#
#....####.#.....# #...#
#.. #.#.###.###...## #
#.#.#...........
#.#.#.#...#...#.
#.#.#.#.......#.
#.#.#.#.........
#.#...#.........
#.#####.##......


You could see 2 gnolls.

Vanquished Creatures
  2 gnolls (D:2)
  2 worms (D:1)
  3 bats
  2 endoplasms (D:1)
  3 goblins (D:1)
  2 hobgoblins
  4 jackals (D:2)
  A quokka (D:1)
  A frilled lizard (D:1)
  A rat (D:1)
21 creatures vanquished.

Notes
Turn   | Place    | Note
-------+----------+-------------------------------------------
     0 | D:1      | qw the Gargoyle Hunter began the quest for the Orb.
     0 | D:1      | Reached XP level 1. HP: 12/12 MP: 1/1
     0 | D:1      | 0 ||| qw: Version: 0.2-a-29-gc1b59c4
     0 | D:1      | 0 ||| qw: Game counter: 4824
     0 | D:1      | 0 ||| qw: Always use a shield: true
     0 | D:1      | 0 ||| qw: God list: Okawaru
     0 | D:1      | 0 ||| qw: Allow faded altars: false
     0 | D:1      | 0 ||| qw: Do Orc after D:15 true
     0 | D:1      | 0 ||| qw: Do second Lair branch before Depths: true
     0 | D:1      | 0 ||| qw: Lair rune preference: random
     0 | D:1      | 0 ||| qw: Plans: Normal, Zot:1-4, Slime:5, God:TSO, Crypt,
                  | Tomb, Abyss, Pan, Hells, Win
     0 | D:1      | 0 ||| PLANNING D:1-11
   178 | D:1      | Reached XP level 2. HP: 17/17 MP: 2/2
   345 | D:1      | Found Toenkuc's Antique Armour Boutique.
   438 | D:1      | HP: 4/17 [worm (7)]
   859 | D:1      | 859 ||| READING scroll labelled AXANUR QIRA.
   860 | D:1      | 860 ||| READING 2 scrolls labelled ANIENY INOTO.
   861 | D:1      | 861 ||| READING scroll labelled CUGENIERUA.
   862 | D:1      | 862 ||| READING scroll labelled JAUTSO TOKEAC.
   863 | D:1      | 863 ||| READING 3 scrolls labelled SUUTEKK HECE.
   864 | D:1      | 864 ||| DRINKING 2 viscous clear potions.
   864 | D:1      | Gained mutation: You are weak. (Str -2) [potion of
                  | mutation]
   864 | D:1      | Gained mutation: Armour fits poorly on your strangely
                  | shaped body. [potion of mutation]
   864 | D:1      | Gained mutation: You have a pair of small horns on your
                  | head. [potion of mutation]
   865 | D:1      | 865 ||| READING 2 scrolls of identify.
   865 | D:1      | 865 ||| IDENTIFYING sedimented purple potion
   866 | D:1      | 866 ||| DROPPING scroll of butterflies.
   867 | D:1      | 867 ||| DROPPING potion of degeneration.
  1110 | D:2      | Reached XP level 3. HP: 16/21 MP: 3/3
  1119 | D:2      | Reached skill level 5 in Ranged Weapons
  1214 | D:2      | HP: 2/22 [gnoll/+5 spear of venom (13)]
  1215 | D:2      | Slain by a gnoll

Levels and vault maps discovered:
D:1:      scummos_arrival_gate, layout_basic, serial_shops,
          nicolae_shop_rolling_square, nicolae_wormholes
D:2:      layout_basic, uniq_crazy_yiuf_cottage

Skill      XL: |  1  2  3 |
---------------+----------+-----
Ranged Weapons | 5 |  5.0
Fighting       | |  2.6
Dodging        | |  1.5
Stealth        | |  1.1

Action                     || total
---------------------------++-------
   Fire: Shortbow          ||    72
    Use: Scroll            ||     6
         Potion            ||     1
 Armour: Leather armour    ||    27
  Dodge: Dodged            ||    43

Table legend:
 A = Non-vault XP
 B = Vault XP
 C = Vault XP percentage of total XP
 D = Non-vault monster count
 E = Vault monster count
 F = Vault count percentage of total count
                 A         B        C        D         E       F
            +---------+---------+-------+---------+---------+-------
      Total |      60 |      10 |  14.3 |      19 |       2 |   9.5
            +---------+---------+-------+---------+---------+-------
        D:1 |      20 |      10 |  33.3 |      11 |       2 |  15.4
        D:2 |      40 |       0 |   0.0 |       8 |       0 |   0.0
            +---------+---------+-------+---------+---------+-------
